[Event "Croatian Team Cup Final 2022"]
[Site "Vodice"]
[Date "2022.05.19"]
[Round "2.7"]
[White "Biti, Ozren"]
[Black "Palac, Mladen"]
[Result "0-1"]
[ECO "B23"]
[WhiteElo "2334"]
[BlackElo "2505"]
[Annotator "TA"]
[PlyCount "90"]
[EventDate "2022.05.18"]
[EventType "team-tourn"]
[EventCountry "CRO"]
[SourceTitle "playchess.com"]
[Source "ChessBase"]
[SourceQuality "1"]
[TimeControl "40/5400+30:1800+30"]

1. e4 c5 2. Nc3 Nc6 3. f4 g6 4. Nf3 Bg7 5. Bc4 e6 6. f5 Nge7 7. fxe6 fxe6 8. d3 d5 9. Bb3 b5 10. O-O c4 {[%emt 0:16:07] B23: Closed Sicilian: Lines without g3.} 11. dxc4 dxc4 {[%emt 0:00:53] [#] Hoping for ...Qxd1.} 12. Qxd8+ Kxd8 {[%emt 0:00:02] The position is equal.} ({Don't do} 12... Nxd8 {[#]} 13. Nxb5 $1 cxb3 14. Nc7+ Kd7 15. Nxa8 $14) 13. Nxb5 cxb3 14. Rd1+ Bd7 15. axb3 h6 {[%emt 0:21:07] Inhibits Ng5.} 16. Be3 Rb8 17. Nd6 Rf8 {[%emt 0:00:17] [#]} 18. Nc4 $146 ({Predecessor:} 18. Bxa7 Bxb2 19. Ra2 Nxa7 20. Rxb2 Nac6 21. c4 Ra8 22. b4 Nc8 23. Rbd2 Ra7 24. b5 {1-0 (31) Graham,C (1866)-Fernandes,J (1834) Bournemouth 2016}) 18... Nc8 19. Bc5 Rf7 (19... Rf4 $17 20. Re1 Rb5) 20. Ra6 Kc7 21. Nd6 (21. Bf2 $17) 21... Nxd6 $19 22. Bxd6+ Kb7 23. Ra4 Ra8 ({Inferior is} 23... Bxb2 24. Bxb8 Nxb8 25. Rb4+ Ka8 26. Rc4 $15) 24. c3 g5 25. h3 Be8 26. e5 Rd7 27. Rda1 a6 28. b4 Rdd8 29. R4a3 Bh5 {[%emt 0:01:47] ...Bxf3 is the strong threat.} 30. g4 Bg6 31. Re1 Bf8 32. Bxf8 Rxf8 33. Nd2 Bd3 (33... Kb6 $19 {Strongly threatening ...Bd3.} 34. Nb3 Rfd8) 34. Nb3 $17 Rf3 (34... Kb6 $17 {aiming for ...Bc4.} 35. Nc5 Rfd8) 35. Nc5+ $15 Kb6 36. Kg2 Raf8 {[%emt 0:00:06] White must now prevent ...R8f7.} 37. Nd7+ Kb7 38. Nxf8 Rxf8 39. Raa1 Rf4 ({Black should play} 39... Ne7 $15) 40. Re3 (40. Rad1 $1 $11 Be4+ 41. Kg3) 40... Be4+ {[%emt 0:00:00][%mdl 1024] Black has compensation.} 41. Kg3 (41. Kg1 $1 $15) 41... Bd5 42. Rc1 Ne7 {[%emt 0:07:31] Black is more active.} (42... Kb6 $17 {And now ...Ne7 would win.} 43. Rc2 Kb5) 43. Rc2 $2 ({White should try} 43. c4 $1 $15 Rxc4 44. Rxc4 Bxc4 45. Rf3) 43... h5 $1 $19 44. Kh2 $2 (44. c4 {was the only defense.} h4+ 45. Kh2 Rxc4 46. Rec3 Rxc3 47. bxc3) 44... Rf1 ({Not} 44... hxg4 45. hxg4 Kb6 46. Kg3 $17) 45. Rg2 hxg4 {[%emt 0:03:10] Weighted Error Value: White=0.35/Black=0.13 (very precise)} (45... h4 $142 46. c4 Bxg2 47. Kxg2 Rb1) 0-1

[Event "Croatian Team Cup Final 2022"]
[Site "Vodice"]
[Date "2022.05.19"]
[Round "2.8"]
[White "Zelcic, Robert"]
[Black "Jusic, Zdenko"]
[Result "1-0"]
[ECO "C41"]
[WhiteElo "2497"]
[BlackElo "2236"]
[Annotator "TA"]
[PlyCount "53"]
[EventDate "2022.05.18"]
[EventType "team-tourn"]
[EventCountry "CRO"]
[SourceTitle "playchess.com"]
[Source "ChessBase"]
[SourceQuality "1"]
[TimeControl "40/5400+30:1800+30"]

1. e4 d6 2. d4 Nf6 3. Nc3 e5 4. Nf3 Nbd7 5. Bc4 Be7 6. O-O O-O 7. a4 a5 8. h3 c6 9. Ba2 {[%emt 0:02:50] C41: Philidor Defence.} Qb6 10. Be3 {[%emt 0:04:32] [#] And now dxe5 would win.} Qb4 $146 (10... Qxb2 $2 11. Qd2 $18) (10... exd4 $14 11. Nxd4 Nc5) ({Predecessor:} 10... exd4 11. Nxd4 Nc5 12. Nb3 Nfd7 13. Rb1 Qb4 14. Nd4 Nf6 {0-1 (30) Santagati,A (2219)-Laketic,G (2439) Montecatini Terme 2011}) 11. Re1 $1 $16 {[%emt 0:06:05] White is better.} Rb8 ({Less strong is} 11... Qxb2 12. Qd2 d5 13. Reb1 $16 (13. exd5 $2 Bb4 $19)) (11... exd4 $142 12. Nxd4 Nc5) 12. Bb3 {[%emt 0:07:29] Hoping for Na2.} exd4 13. Bxd4 {[%emt 0:00:32] aiming for Na2.} ({Much weaker is} 13. Qxd4 $6 Nc5 $14) 13... Nc5 14. Na2 Qb6 15. e5 Nd5 16. exd6 Bxd6 17. Bxd5 (17. Nc3 $142 $1 ) 17... cxd5 18. Nc3 Be6 19. Nb5 Be7 20. Qd2 Rbc8 {[%emt 0:03:51] [#]} 21. Qf4 $1 {[%emt 0:06:02] White is more active.} Rfe8 {[%emt 0:03:03] [#]} (21... Qd8 $16) 22. Ng5 $1 $40 {[%emt 0:11:25][%cal Oe1e6][%mdl 128] Strongly threatening Rxe6! White wants a kill. Pair of Knights!} f6 $2 (22... h6) 23. Nxe6 Nxe6 24. Bxb6 Nxf4 25. Nc7 Bc5 $2 (25... Kf8 26. Nxe8 Kxe8) 26. Rxe8+ Rxe8 27. Bxc5 {[%emt 0:00:22] Weighted Error Value: White=0.05 (flawless) /Black=0.44} 1-0

[Event "Croatian Team Cup Final 2022"]
[Site "Vodice"]
[Date "2022.05.19"]
[Round "2.9"]
[White "Martinovic, Sasa"]
[Black "Trbojevic, Mladen"]
[Result "1-0"]
[ECO "D85"]
[WhiteElo "2552"]
[BlackElo "2337"]
[Annotator "TA"]
[PlyCount "61"]
[EventDate "2022.05.18"]
[EventType "team-tourn"]
[EventCountry "CRO"]
[SourceTitle "playchess.com"]
[Source "ChessBase"]
[SourceQuality "1"]
[TimeControl "40/5400+30:1800+30"]

1. d4 Nf6 2. c4 g6 3. Nc3 d5 4. cxd5 Nxd5 5. Bd2 Nb6 6. e3 {[%emt 0:00:17] D85: Exchange Grünfeld: Unusual White 7th moves and lines with 7 Nf3.} Bg7 7. h4 N8d7 8. h5 {[%emt 0:00:12] White is slightly better.} c5 {[%emt 0:01:37] [#]} 9. a4 $146 {[%emt 0:00:31] aiming for a5.} ({Predecessor:} 9. hxg6 hxg6 10. Rxh8+ Bxh8 11. Nf3 cxd4 12. exd4 Nf6 13. Bb5+ Bd7 14. Qe2 Bxb5 15. Qxb5+ {0-1 (37) Ioannidis,E (2411)-Petriashvili,N (2424) Chess.com INT 2021}) 9... a5 $1 10. Nf3 O-O ({Black should play} 10... cxd4 $14 11. exd4 O-O) 11. hxg6 $16 hxg6 12. d5 $1 {[%emt 0:10:00] White is more active.} Nf6 13. e4 Bg4 {[%emt 0:03:38] [#]} 14. Qc1 $1 Bxf3 15. gxf3 e6 (15... Nh5 $16 {was necessary.} 16. Nb5 Nd7) 16. dxe6 $18 fxe6 17. Bh3 Qe8 (17... Qd7 $16) 18. Nb5 {[%emt 0:04:11] And now Nc7 would win.} Qc6 {[%emt 0:02:21][%cal Of6e4] Prevents Nc7.} 19. Be3 Nfd7 20. Ke2 Rae8 21. Qc2 c4 (21... Rf7 {is a better defense.} 22. Rhg1 Nf8 23. Qxc5 Nc4) 22. Rad1 {[%emt 0:03:26] Threatens to win with Rd6.} Be5 {[%emt 0:00:31] Prevents Rd6.} 23. Nd4 Bxd4 24. Bxd4 e5 {[%emt 0:00:45] [#]} 25. Be3 {[%emt 0:07:38] This bishop pair is nice.} Nc5 $2 (25... Qf6 $2 26. Rdg1 (26. Bxd7 Qxf3+ 27. Kd2 Nxd7 $16) 26... Rf7 27. Bf5 $18) (25... Rf6 26. Bxd7 Nxd7) 26. Bxc5 Qxc5 27. Qd2 {[%emt 0:00:05][%cal Oh3f5] White wants to mate with Bf5!} Kg7 $2 {[%emt 0:01:34] [#]} (27... Rf4 $18 28. Rdg1 (28. Qd6 Qc6 $16) 28... Kf7) 28. Bf5 $1 {[%emt 0:05:08][%mdl 512] White mates.} Rh8 (28... Rf6 29. Qh6+) 29. Qg5 Qc6 30. Rxh8 Rxh8 31. Qe7+ {[%emt 0:00:04] White took control after the opening.  Weighted Error Value: White=0.14 (very precise) /Black=0.52} 1-0

[Event "Croatian Team Cup Final 2022"]
[Site "Vodice"]
[Date "2022.05.19"]
[Round "2.10"]
[White "Krstic, Uros"]
[Black "Livaic, Leon"]
[Result "1-0"]
[ECO "A14"]
[WhiteElo "2321"]
[BlackElo "2562"]
[Annotator "TA"]
[PlyCount "101"]
[EventDate "2022.05.18"]
[EventType "team-tourn"]
[EventCountry "CRO"]
[SourceTitle "playchess.com"]
[Source "ChessBase"]
[SourceQuality "1"]
[TimeControl "40/5400+30:1800+30"]

1. Nf3 Nf6 2. g3 d5 3. Bg2 e6 4. O-O Be7 5. c4 O-O 6. b3 a5 {[%emt 0:00:00][%cal Ba7a5,Ba5a4][%mdl 32] 6...d4 is setting a new trend.} 7. Bb2 c6 8. d3 a4 {[%emt 0:01:51] A14: English Opening: 1...e6 with b3 by White.} 9. a3 axb3 {[%emt 0:00:13] [#]} 10. Nbd2 $146 ({Predecessor:} 10. Qxb3 Nbd7 11. Nbd2 Nc5 12. Qc2 Qa5 13. d4 Nce4 14. c5 Ra6 15. Nxe4 Nxe4 16. Ne5 {½-½ (33) Becker,A (2190)-Zenker,U (2284) Bad Wiessee 2006}) 10... c5 {[%emt 0:11:16] Black has an edge.} 11. e3 {[%emt 0:08:33] Inhibits d4.} Bd7 12. Qxb3 Nc6 13. Rab1 ({Don't go for} 13. Qxb7 $2 Na5 14. Qxa8 Qxa8 $19) 13... Na5 14. Qa2 Ba4 15. Bc3 Ra7 16. Rfc1 dxc4 17. dxc4 Nc6 18. Qa1 Qd3 19. Ne1 Qg6 20. Rb2 Nd7 21. Qb1 b6 (21... Qxb1 {is more appropriate.} 22. Rcxb1 (22. Rbxb1 b6 $11) 22... b6) 22. Nd3 $11 Rc8 23. Ne4 f5 24. Nf4 (24. Nd2 $5 ) 24... Qf7 25. Nd2 {[%emt 0:00:00][%cal Of4e6] Strongly threatening Nxe6!} Kh8 26. h4 Bd8 (26... Re8 $11) 27. Nf3 $14 e5 28. Nd5 h6 {[%emt 0:01:05] Prevents Ng5.} (28... e4 $14) 29. e4 $16 {[%emt 0:01:19][%cal Be3e4,Be4f5][%mdl 32] White is more active.} Nd4 30. Bxd4 (30. exf5 {feels hotter.} Bc6 31. Re1 Bxd5 32. Nxd4 Be4 33. Bxe4 exd4 34. Bd5) 30... exd4 (30... cxd4 $16 31. exf5 b5) 31. exf5 Bc6 32. Re2 (32. Nf4 $1 $18) 32... Bxd5 33. cxd5 {[%emt 0:00:05][%cal Of3d4] Black must now prevent Nxd4!} Rxa3 $2 {[%emt 0:00:19] [#]} (33... Bf6 $16 {was called for.}) 34. Nxd4 $1 $18 Bf6 35. Nb5 Ra1 {[%emt 0:00:01] ...Rca8 is the strong threat.} 36. Qc2 $1 Rca8 {[%emt 0:00:59] [#]} (36... Rxc1+ $142 37. Qxc1 Qh5) 37. Rxa1 $1 Rxa1+ 38. Kh2 Qh5 (38... Ne5 $142 39. f4 Ng4+ 40. Kh3 h5) 39. Re4 (39. Qe4 $142) 39... Ne5 {[%emt 0:01:04] [#] Against Bf3. Hoping for ...Nf3+.} 40. Qe2 {[%emt 0:00:00] Prevents Nf3+.} Qxe2 (40... Qxf5 $2 41. Nd6 Qd7 42. Rxe5 Bxe5 43. Qxe5 $18) 41. Rxe2 Rb1 $2 (41... Ra5) 42. Nd6 Kh7 43. f4 {[%emt 0:15:10] White is clearly winning.} Ng4+ 44. Kh3 h5 45. Bf3 Rd1 46. Re6 Rd2 47. Bxg4 hxg4+ 48. Kxg4 {[%emt 0:00:03] aiming for Ne4.} Rxd5 49. Ne4 {[%emt 0:00:14][%csl LRb6,LRf6] And now Re8 would win.} Rd8 {[%emt 0:02:01] Against Re8} 50. Rxb6 Bd4 51. Rc6 {[%emt 0:00:18] Against Rc8.  Weighted Error Value: White=0.22 (precise) /Black=0.37} 1-0

[Event "Croatian Team Cup Final 2022"]
[Site "Vodice"]
[Date "2022.05.19"]
[Round "2.11"]
[White "Rogic, Davor"]
[Black "Tomasic, Roland"]
[Result "1-0"]
[ECO "B72"]
[WhiteElo "2457"]
[BlackElo "2108"]
[Annotator "TA"]
[PlyCount "57"]
[EventDate "2022.05.18"]
[EventType "team-tourn"]
[EventCountry "CRO"]
[SourceTitle "playchess.com"]
[Source "ChessBase"]
[SourceQuality "1"]
[TimeControl "40/5400+30:1800+30"]

1. e4 c5 2. Nf3 d6 3. d4 cxd4 4. Nxd4 Nf6 5. Nc3 Bd7 6. Be2 Nc6 7. Be3 g6 8. Qd2 Bg7 9. O-O-O {[%emt 0:00:31] B72: Sicilian Dragon: 6 Be3, lines with h3+Bc4 and sidelines.} a6 10. f3 b5 11. Kb1 {[%emt 0:02:20] White is better.} h5 12. Rhe1 Rc8 13. h3 Qc7 14. Nxc6 {[%emt 0:18:29] [#]} Bxc6 $146 ({Predecessor:} 14... Qxc6 15. Bd3 Be6 16. Ne2 Bc4 17. Ng3 Nd7 18. f4 Nc5 19. Bxc4 bxc4 20. Bd4 Ne6 {1-0 (40) Pettersson,T (2061)-Gorfinkel,E Oulu 2001}) 15. Bd4 e5 16. Be3 b4 17. Nd5 Nxd5 18. exd5 Ba4 19. Bd3 (19. Bxa6 Bxc2+ 20. Ka1 Ra8 $17) 19... e4 (19... a5 $14) 20. Bg5 $18 (20. Bxe4 $6 O-O $16) 20... O-O 21. Rxe4 Bc3 $2 {[%emt 0:09:56] [#]} (21... Qc5 {is a better chance.} 22. Be3 (22. Rxb4 Rb8 $11) 22... Qxd5) 22. Qe2 $2 {[%emt 0:01:16] Active counter play!} (22. bxc3 $18 {and the rest is easy.} bxc3 23. Qc1) 22... Rfe8 $2 {[%emt 0:10:04] Black cannot hold the game after this.} (22... Bg7 $16 {is more resistant.} 23. g4 (23. Rxb4 Rb8 $11) 23... hxg4) 23. g4 (23. bxc3 $142 bxc3 24. Ka1) 23... Rxe4 (23... Bxb2 $2 24. Kxb2 Qc3+ 25. Kb1 $18) 24. Qxe4 Bxb2 (24... Re8 25. Qc4 (25. Qf4 Be5 $16) 25... Qxc4 26. Bxc4 Be5 27. Bxa6 hxg4) 25. Kxb2 {[%emt 0:00:56] White is clearly winning.} Qc3+ 26. Kb1 Re8 27. Bd2 Qc7 28. Qd4 {[%emt 0:00:51] [#] And now gxh5 would win.} Rc8 29. Rc1 {[%emt 0:00:20] Weighted Error Value: White=0.72/Black=0.83} 1-0

[Event "Croatian Team Cup Final 2022"]
[Site "Vodice"]
[Date "2022.05.19"]
[Round "2.12"]
[White "Husajina, Nikola"]
[Black "Kurajica, Bojan"]
[Result "0-1"]
[ECO "B28"]
[WhiteElo "1690"]
[BlackElo "2531"]
[Annotator "TA"]
[PlyCount "58"]
[EventDate "2022.05.18"]
[EventType "team-tourn"]
[EventCountry "CRO"]
[SourceTitle "playchess.com"]
[Source "ChessBase"]
[SourceQuality "1"]
[TimeControl "40/5400+30:1800+30"]

1. e4 c5 2. Nf3 a6 3. b3 d5 4. exd5 Qxd5 5. Bb2 Nc6 6. Nc3 {[%emt 0:03:07] B28: Sicilian: 2 Nf3 a6 (O'Kelly Variation).} Qd8 7. Ne4 {[%emt 0:04:11] [#]} Nf6 $146 ({Predecessor:} 7... e6 8. g3 Nf6 9. Nxf6+ gxf6 10. Bg2 e5 11. O-O Bg4 12. Re1 Be7 13. h3 Be6 {1-0 (35) Dede,E (2280)-Csoke,K (2212) Hungary 2000}) 8. Bd3 {[%emt 0:11:39] White is slightly better.} Nb4 9. Nxf6+ (9. O-O $14) 9... gxf6 $11 10. Be2 Rg8 11. a3 Nc6 12. g3 e5 {[%emt 0:01:27] Against d4} 13. Bd3 h5 (13... Qd5 {with more complications.} 14. Qe2 Bg4 15. Be4 Qd7) 14. h3 Be6 15. Qe2 Qd7 16. h4 {[%emt 0:04:16] [#]} (16. Be4 $15) 16... O-O-O $1 $19 {[%emt 0:03:09][%cal Be8c8,Bc8b7,Bb7a6][%mdl 32] Strongly threatening ...Bg4.} 17. Nh2 Bxb3 18. Bxa6 $2 (18. O-O) 18... Bd5 ({And not} 18... bxa6 19. cxb3 Qd3 20. Rc1 $17) 19. Rg1 bxa6 20. Qxa6+ Qb7 21. Qxb7+ Kxb7 22. Nf1 Nd4 23. Bxd4 cxd4 24. d3 Rc8 25. Rb1+ Ka6 26. c4 dxc3 27. Ne3 Bf3 28. Nc4 {[%emt 0:01:18] [#]} Rxc4 $1 29. dxc4 (29. g4 Rcxg4) 29... Bh6 {[%emt 0:00:07] White got outplayed after the opening.  Weighted Error Value: White=0.94/Black=0.01 (flawless)} 0-1

[Event "Croatian Team Cup Final 2022"]
[Site "Vodice"]
[Date "2022.05.19"]
[Round "2.13"]
[White "Jakic, Ivan"]
[Black "Saric, Ante"]
[Result "1/2-1/2"]
[WhiteElo "2350"]
[BlackElo "2510"]
[Annotator "TA"]
[PlyCount "37"]
[EventDate "2022.05.18"]
[EventType "team-tourn"]
[EventCountry "CRO"]
[SourceTitle "playchess.com"]
[Source "ChessBase"]
[SourceQuality "1"]
[TimeControl "40/5400+30:1800+30"]

1. e4 c5 2. Nf3 e6 3. d4 cxd4 4. Nxd4 a6 5. Nc3 Qc7 6. Bd3 Nf6 7. O-O d6 8. Qe2 g6 9. Kh1 {[%emt 0:04:43] was the old line (9.f4).} Bg7 10. f4 {[%emt 0:01:17] [#]} {Predecessor:} Nbd7 $146 {B42: Sicilian: Kan Variation: 5 Bd3.} 11. f5 Ne5 12. Bg5 O-O 13. Nf3 Nxd3 14. cxd3 exf5 15. Nh4 h6 16. Bxf6 Bxf6 17. Nd5 Qd8 18. Nxf5 gxf5 19. exf5 {0-1 (26) Groszpeter,A (2541)-Almasi,Z (2684) Szeged 2009} 1/2-1/2

[Event "Croatian Team Cup Final 2022"]
[Site "Vodice"]
[Date "2022.05.19"]
[Round "2.14"]
[White "Plenca, Julijan"]
[Black "Ivic, Mateo"]
[Result "1-0"]
[ECO "E71"]
[WhiteElo "2443"]
[BlackElo "2187"]
[Annotator "TA"]
[PlyCount "47"]
[EventDate "2022.05.18"]
[EventType "team-tourn"]
[EventCountry "CRO"]
[SourceTitle "playchess.com"]
[Source "ChessBase"]
[SourceQuality "1"]
[TimeControl "40/5400+30:1800+30"]

1. d4 Nf6 2. c4 g6 3. Nc3 Bg7 4. e4 d6 5. h3 O-O 6. Be3 Na6 7. g4 {[%emt 0:03:58][%cal Bg2g4,Bg4g5][%mdl 32] E71: King's Indian: 4 e4 d6 5 h3.} e5 8. d5 Nc5 9. Qc2 {[%emt 0:00:25] White is slightly better.} a5 (9... c6 $1 $11) 10. Nge2 Bd7 11. Ng3 c6 12. g5 Ne8 13. h4 {[%emt 0:00:00][%cal Bh3h4,Bh4h5][%mdl 32] [#]} a4 $146 ({Predecessor:} 13... Nc7 14. h5 cxd5 15. cxd5 b5 16. f3 b4 17. Nd1 Nb5 18. Qh2 Nd4 19. Kf2 Nc2 20. hxg6 fxg6 21. Qxh7+ {1-0 (26) Reinaldo Castineira,R (2489)-Libiszewski,F (2522) Linares 2021}) 14. h5 Qa5 15. Qd2 Nc7 (15... f6 $11 {keeps the balance.}) 16. f3 cxd5 17. cxd5 (17. exd5 $16 Ne8 18. Nge4) 17... b5 18. Qh2 {[%emt 0:03:08] [#] Black must now prevent hxg6.} Rfb8 (18... Rfc8 $5 ) 19. Bd2 {[%emt 0:05:56] hxg6 is the strong threat.} b4 20. Nd1 {[%emt 0:00:05] Strongly threatening hxg6.} ({Of course not} 20. hxg6 hxg6 21. Nd1 Kf8 $11) 20... Bb5 $2 {[%emt 0:03:28][%mdl 8192] Loses the game.} (20... Kf8 $14) 21. hxg6 $18 hxg6 22. Ne3 {[%emt 0:00:24][%cal Oe3f5] Threatening mate with Nef5!} ({Inferior is} 22. Bxb5 Qxb5 23. Nf2 Kf8 $11) 22... Ne8 {[%emt 0:08:24] [#]} 23. Nef5 $1 gxf5 (23... f6 24. Qh7+) 24. Nxf5 {[%emt 0:00:38] Weighted Error Value: White=0.24 (precise) /Black=0.54} ({Stronger than} 24. Bxb5 Qxb5 25. Nxf5 Nd3+ 26. Kd1 Nxb2+ 27. Ke1 Nd3+ 28. Kd1 Nb2+ 29. Ke1 Nd3+ 30. Kd1 Nb2+ $11) 1-0

[Event "Croatian Team Cup Final 2022"]
[Site "Vodice"]
[Date "2022.05.19"]
[Round "2.15"]
[White "Tomas, Ante"]
[Black "Plenca, Jadranko"]
[Result "1/2-1/2"]
[ECO "C29"]
[WhiteElo "2117"]
[BlackElo "2443"]
[Annotator "TA"]
[PlyCount "34"]
[EventDate "2022.05.18"]
[EventType "team-tourn"]
[EventCountry "CRO"]
[SourceTitle "playchess.com"]
[Source "ChessBase"]
[SourceQuality "1"]
[TimeControl "40/5400+30:1800+30"]

1. e4 e5 2. Nc3 Nf6 3. f4 d5 4. fxe5 Nxe4 5. Qf3 Nxc3 (5... f5 $5 ) 6. dxc3 {[%emt 0:00:02] The position is equal. C29: Vienna Game: 2...Nf6 3 f4.} c6 7. Bf4 Be6 8. Qg3 Nd7 9. Nf3 {[%emt 0:01:40] [#]} h6 $146 ({Predecessor:} 9... Qb6 10. Bd3 O-O-O 11. b4 c5 12. Be3 Qc7 13. O-O h6 14. Rab1 g5 15. bxc5 Bxc5 16. Bxc5 Qxc5+ {½-½ (48) Sedivy,M (2026)-Cely,J (1994) Czech Republic 2017}) 10. h4 Nc5 {[%emt 0:02:12] [#] Threatens to win with ...Qb6.} 11. Nd4 Qd7 12. Nxe6 Qxe6 13. Bd3 g6 14. O-O-O Bg7 15. Qe3 Nxd3+ 16. cxd3 h5 17. d4 O-O {[%emt 0:01:58] An uneventful encounter.  Weighted Error Value: White=0.05 (flawless) /Black=0.10 (very precise)} 1/2-1/2

[Event "Croatian Team Cup Final 2022"]
[Site "Vodice"]
[Date "2022.05.19"]
[Round "2.16"]
[White "Saric, Luka"]
[Black "Sekelja, Marko"]
[Result "1-0"]
[ECO "D30"]
[WhiteElo "2169"]
[BlackElo "2102"]
[Annotator "TA"]
[PlyCount "43"]
[EventDate "2022.05.18"]
[EventType "team-tourn"]
[EventCountry "CRO"]
[SourceTitle "playchess.com"]
[Source "ChessBase"]
[SourceQuality "1"]
[TimeControl "40/5400+30:1800+30"]

1. Nf3 d5 2. e3 c5 3. c4 e6 4. cxd5 exd5 5. d4 c4 (5... Nc6 $11) 6. b3 $14 {[%emt 0:06:22] D30: Queen's Gambit Declined: Systems without Nc3.} b5 {[%emt 0:09:26] [#]} 7. a4 $1 Qa5+ (7... Bf5 $16 {was necessary.}) 8. Bd2 $18 {[%emt 0:00:48][%cal Bc1d2,Bd2b4,Bb4a3][%mdl 32] White is clearly better.} Bb4 {[%emt 0:00:06] [#]} 9. axb5 $146 ({Predecessor:} 9. Qc2 Nf6 10. Nc3 Bxc3 11. Bxc3 b4 12. Bd2 c3 13. Bc1 Ba6 14. Bxa6 Nxa6 15. O-O {½-½ (48) Stephanus,J (1959)-Bianchi,T (1653) Metz 2011}) 9... Qxa1 10. Bxb4 {[%emt 0:00:05] aiming for Qc2.} Qb2 {[%emt 0:00:21] Inhibits Qc2.} (10... a6) 11. Nfd2 Bf5 12. e4 {[%emt 0:04:07][%mdl 64] Deflection} Bxe4 13. Nxe4 dxe4 14. Bxc4 Nd7 15. Ba3 {[%emt 0:04:47] This bishop pair is nice.} Qa1 16. O-O Ngf6 17. Qd2 Nb6 18. Qb4 Nbd5 {[%emt 0:00:12] Inhibits Qe7+.} 19. Bxd5 Nxd5 20. Qd6 {[%emt 0:02:34] Threatening mate with Qc6+.} Rd8 21. Qe5+ Kd7 22. Qxd5+ {[%emt 0:00:07] Black got outplayed after the opening.  Weighted Error Value: White=0.03 (flawless) /Black=1.22} 1-0

[Event "Croatian Team Cup Final 2022"]
[Site "Vodice"]
[Date "2022.05.19"]
[Round "2.17"]
[White "Lalic, Bogdan"]
[Black "Skuhala, Jernej"]
[Result "1/2-1/2"]
[ECO "E05"]
[WhiteElo "2411"]
[BlackElo "2378"]
[Annotator "TA"]
[PlyCount "39"]
[EventDate "2022.05.18"]
[EventType "team-tourn"]
[EventCountry "CRO"]
[SourceTitle "playchess.com"]
[Source "ChessBase"]
[SourceQuality "1"]
[TimeControl "40/5400+30:1800+30"]

1. d4 Nf6 2. c4 e6 3. Nf3 d5 4. g3 Be7 5. Bg2 O-O 6. O-O dxc4 7. Qc2 a6 8. a4 Bd7 9. Qxc4 Bc6 10. Bf4 a5 11. Nc3 Na6 12. Rac1 Bxf3 {[%emt 0:02:14] [#] E05: Open Catalan: 5 Nf3 Be7.} {Predecessor:} 13. Bxf3 $146 c6 14. e4 Nd7 15. Rfd1 Bg5 16. Bxg5 Qxg5 17. e5 Qe7 18. Qe2 Nb6 19. Be4 Nb4 20. Bb1 {1-0 (35) Nguyen,A (2484)-Aravindh,C (2599) Dubai 2019} 1/2-1/2